Map: Frozen Temple

Players

Showtime - Winner!

  • Race: Protoss Protoss

Guru

  • Race: Zerg Zerg

Event: DreamHack Open Tours WCS Spring Championship

VOD

https://www.youtube.com/watch?v=oC1dnbpvzlM

Description

Time

  • Played on: May 15, 2016, 6:30 a.m.
  • Length: 28:55

All games in this series

Show
View Real Time Build Order
Export as new Build Order

Showtime Protoss - Winner!

Build Orders: 1 Gate Expand, Phoenix Opening, Zealot Archon 

Get SALT Encoding   

  12  0:00  Probe (Chrono Boost)  
  13  0:11  Probe (Chrono Boost)  
  14  0:18  Pylon  
  14  0:22  Probe (Chrono Boost)  
  15  0:36  Probe (Chrono Boost)  
  15  0:39  Gateway  
  16  0:47  Probe (Chrono Boost), Assimilator  
  17  0:58  Probe (Chrono Boost)  
  17  1:00  Pylon  
  18  1:08  Probe (Chrono Boost)  
  19  1:19  Probe (Chrono Boost)  
  20  1:27  Nexus  
  20  1:36  Cybernetics Core  
  20  1:39  Probe (Chrono Boost)  
  21  1:45  Assimilator  
  21  1:49  Probe (Chrono Boost)  
  21  1:54  Pylon  
  22  2:00  Probe (Chrono Boost)  
  23  2:12  Probe (Chrono Boost), Adept (Chrono Boost)  
  23  2:13  Warp Gate  
  26  2:23  Probe  
  27  2:32  Stargate  
  27  2:36  Probe  
  28  2:38  Probe  
  28  2:39  Adept (Chrono Boost)  
  31  2:48  Probe  
  31  2:49  Probe, Pylon  
  33  3:00  Probe (Chrono Boost)  
  33  3:01  Mothership Core (Chrono Boost)  
  36  3:11  Probe (Chrono Boost)  
  37  3:14  Gateway  
  37  3:16  Phoenix (Chrono Boost)  
  37  3:18  Probe  
  39  3:22  Probe  
  41  3:29  Pylon, Adept (Chrono Boost)  
  41  3:31  Probe  
  41  3:34  Probe  
  45  3:39  Phoenix  
  45  3:44  Probe  
  45  3:46  Probe (Chrono Boost)  
  49  3:52  Gateway  
  49  3:57  Probe (Chrono Boost)  
  49  3:58  Probe (Chrono Boost)  
  51  4:03  Assimilator  
  51  4:04  Phoenix  
  51  4:07  Assimilator  
  51  4:09  Probe (Chrono Boost)  
  55  4:10  Probe (Chrono Boost)  
  55  4:17  Pylon  
  55  4:19  Probe (Chrono Boost)  
  55  4:22  Probe (Chrono Boost)  
  55  4:23  Adept  
  59  4:30  Probe (Chrono Boost)  
  60  4:32  Phoenix  
  60  4:34  Probe (Chrono Boost)  
  63  4:40  Probe (Chrono Boost)  
  64  4:48  Nexus  
  64  4:50  Probe (Chrono Boost)  
  64  4:51  Pylon  
  65  4:54  Pylon  
  65  4:55  Probe (Chrono Boost), Phoenix  
  68  5:02  Probe (Chrono Boost)  
  69  5:10  Probe (Chrono Boost)  
  69  5:12  Forge  
  70  5:17  Probe (Chrono Boost)  
  70  5:20  Robotics Facility  
  70  5:21  Probe (Chrono Boost)  
  72  5:24  Robotics Facility  
  72  5:29  Sentry x3  
  72  5:35  Probe (Chrono Boost)  
  79  5:38  Probe (Chrono Boost)  
  80  5:45  Probe (Chrono Boost), Protoss Ground Weapons Level 1 (Chrono Boost)  
  80  5:48  Probe (Chrono Boost)  
  82  5:52  Twilight Council  
  82  5:56  Probe, Pylon  
  83  6:00  Probe  
  84  6:05  Probe  
  84  6:08  Probe  
  84  6:09  Observer (Chrono Boost)  
  87  6:12  Immortal (Chrono Boost)  
  87  6:17  Probe  
  92  6:19  Probe, Assimilator  
  92  6:20  Assimilator  
  92  6:22  Pylon  
  92  6:25  Probe, Pylon  
  94  6:26  Immortal  
  94  6:28  Charge (Chrono Boost)  
  98  6:36  Probe, Gateway  
  98  6:38  Gateway  
  99  6:41  Probe, Gateway  
  100  6:49  Immortal, Zealot x2  
  108  7:04  Gateway  
  108  7:05  Gateway  
  108  7:07  Immortal, Templar Archives  
  108  7:09  Pylon  
  108  7:12  Pylon  
  112  7:20  Protoss Ground Weapons Level 2  
  112  7:29  Zealot x3  
  118  7:31  Immortal  
  122  7:42  Immortal, Photon Cannon  
  122  7:46  High Templar x2  
  122  7:49  Probe, Zealot  
  133  7:57  Archon  
  133  8:06  Nexus  
  133  8:07  Pylon  
  133  8:11  Immortal, Pylon  
  137  8:17  High Templar x2  
  141  8:21  Pylon  
  141  8:22  Pylon  
  141  8:23  Pylon, Archon  
  141  8:30  Pylon  
  141  8:31  Photon Cannon  
  141  8:38  Zealot x3  
  141  8:39  Zealot x2  
  151  8:47  High Templar  
  153  8:50  Zealot, High Templar  
  153  8:53  Pylon x2  
  153  8:55  Warp Prism, Archon  
  157  8:59  High Templar x2  
  157  9:00  Zealot x3  
  169  9:04  Gateway  
  169  9:06  Gateway  
  169  9:08  Archon  
  169  9:21  Zealot x4  
  169  9:22  Zealot  
  153  9:34  Protoss Ground Weapons Level 3  
  153  9:35  Zealot x3, Immortal  
  149  9:39  Immortal  
  147  9:53  High Templar x4  
  147  9:57  Archon  
  147  9:58  Archon  
  155  10:05  Photon Cannon  
  155  10:06  Probe x2  
  157  10:09  Immortal  
  157  10:19  Immortal  
  165  10:30  Zealot x4  
  165  10:31  Zealot x6  
  185  10:46  Observer  
  170  10:57  Zealot x2, High Templar x4  
  172  10:58  Zealot x4  
  172  11:02  Assimilator  
  172  11:03  Assimilator  
  190  11:05  Photon Cannon  
  190  11:06  Photon Cannon  
  190  11:07  Photon Cannon  
  190  11:08  Photon Cannon  
  190  11:10  Pylon  
  190  11:12  Pylon  
  190  11:14  Archon x2  
  190  11:22  Photon Cannon  
  190  11:27  Blink (Chrono Boost)  
  190  11:32  Zealot x3  
  192  11:41  Zealot x2  
  192  11:42  Zealot x2  
  192  11:43  Photon Cannon  
  192  11:44  Photon Cannon  
  197  11:58  High Templar x2  
  197  11:59  Photon Cannon  
  197  12:00  Photon Cannon  
  197  12:01  Photon Cannon x2  
  197  12:02  Archon  
  192  12:15  Protoss Ground Armor Level 1  
  192  12:20  Immortal  
  196  12:28  Dark Shrine  
  196  12:33  Photon Cannon  
  196  12:35  Photon Cannon  
  196  12:36  Psionic Storm  
  196  12:37  Photon Cannon  
  192  13:04  Stargate  
  192  13:05  Fleet Beacon  
  192  13:07  Stargate  
  182  13:14  Zealot x3  
  182  13:15  Zealot x3  
  180  13:23  Zealot x2  
  180  13:24  Zealot x2  
  180  13:26  Immortal  
  148  13:28  Probe x2, Assimilator  
  146  13:36  High Templar  
  146  13:37  High Templar x3  
  154  13:43  Dark Templar x2  
  158  13:49  Dark Templar x2  
  158  13:50  Zealot x2  
  162  14:16  Pylon  
  158  14:18  Tempest (Chrono Boost)  
  158  14:20  Tempest (Chrono Boost)  
  170  14:24  Tempest (Chrono Boost)  
  170  14:28  High Templar x2  
  166  14:42  Dark Templar  
  166  14:43  Zealot x5  
  178  14:51  Protoss Ground Armor Level 2  
  174  15:02  Immortal  
  174  15:05  Dark Templar  
  174  15:06  Zealot x2  
  174  15:17  Zealot x3  
  180  15:32  Zealot x3, Dark Templar  
  183  15:39  Zealot x2  
  183  15:41  Probe  
  176  15:45  Probe x2  
  178  15:50  Dark Templar  
  178  15:54  Zealot  
  180  16:02  High Templar  
  182  16:06  Photon Cannon  
  182  16:08  Photon Cannon  
  182  16:09  High Templar x2  
  186  16:15  Archon  
  186  16:19  Zealot  
  188  16:38  Archon  
  182  16:40  Zealot x3  
  182  16:44  High Templar  
  186  16:49  Pylon  
  186  16:50  Photon Cannon  
  186  16:51  Assimilator  
  186  16:59  Zealot  
  188  17:03  Pylon  
  188  17:17  High Templar x4  
  188  17:22  Archon x2  
  196  17:27  Dark Templar  
  198  17:30  Zealot  
  190  17:39  High Templar x2  
  190  17:40  Zealot x3  
  178  17:45  Archon  
  172  18:12  Pylon  
  164  18:14  Pylon  
  164  18:15  Pylon  
  156  18:40  Pylon x2  
  140  18:56  Mothership Core  
  140  19:01  Nexus  
  138  19:02  Nexus  
  138  19:05  Pylon  
  136  19:13  Pylon  
  136  19:17  Zealot x3  
  136  19:19  Cybernetics Core  
  142  19:25  Forge  
  142  19:42  Gateway  
  142  19:43  Gateway  
  138  20:01  Zealot x4, Nexus  
  138  20:02  Pylon  
  142  20:26  Photon Cannon  
  142  20:27  Photon Cannon  
  136  20:30  Zealot x2  
  140  20:40  Zealot  
  142  20:45  Probe  
  140  21:01  Twilight Council  
  140  21:11  Nexus  
  128  21:30  Zealot x4  
  128  21:31  Zealot  
  137  21:40  Zealot  
  135  21:57  Templar Archives  
  135  22:06  Zealot x3  
  137  22:25  Probe  
  137  22:26  Probe  
  137  22:27  Probe  
  137  22:34  Pylon  
  137  22:42  High Templar x3  
  143  23:00  Zealot x3  
  138  23:17  Zealot x3  
  138  23:40  High Templar x3  
  144  23:44  Archon  
  144  23:50  Pylon, Assimilator  
  144  23:53  Assimilator  
  138  24:26  Robotics Facility  
  138  24:28  Photon Cannon, Pylon  
  138  24:29  Pylon  
  138  24:32  Gateway  
  138  24:36  High Templar x2  
  138  24:37  Zealot, High Templar x2  
  148  24:40  Pylon, Nexus  
  148  24:52  Archon x2  
  130  25:10  Zealot, High Templar x2  
  130  25:11  Zealot x2  
  138  25:20  Archon  
  138  25:22  Observer (Chrono Boost)  
  139  25:34  Probe  
  140  25:45  Probe  
  136  25:51  Zealot x2  
  136  25:52  Zealot  
  136  25:55  Zealot  
  142  26:15  Zealot x2  
  142  26:16  Zealot  
  128  27:06  High Templar x4  
  128  27:07  Zealot x2  
  136  27:11  Archon x2  
  136  27:29  Zealot x2  
  99  28:02  Zealot x3  
  99  28:03  Zealot  
  101  28:30  Pylon  
  101  28:32  Pylon  
  77  28:50  Pylon  
Show
View Real Time Build Order
Export as new Build Order

Guru Zerg 

Build Orders: Hatch First 

Get SALT Encoding   

  12  0:00  Drone  
  13  0:13  Overlord  
  13  0:18  Drone  
  14  0:31  Drone  
  14  0:32  Drone  
  16  0:35  Drone  
  17  0:54  Hatchery  
  17  0:55  Drone  
  17  1:08  Spawning Pool  
  17  1:11  Extractor  
  15  1:13  Drone  
  15  1:16  Drone  
  17  1:20  Drone  
  18  1:29  Drone  
  19  1:40  Drone  
  20  1:55  Queen  
  22  2:05  Hatchery  
  22  2:06  Queen  
  23  2:10  Drone  
  23  2:15  Metabolic Boost  
  24  2:19  Zergling x2  
  24  2:22  Zergling x2  
  26  2:25  Zergling x2  
  27  2:35  Overlord  
  27  2:36  Drone  
  28  2:47  Evolution Chamber  
  27  2:54  Overlord  
  27  2:57  Queen  
  29  3:01  Zergling x2  
  29  3:03  Drone x3  
  33  3:06  Drone  
  33  3:09  Drone  
  33  3:10  Drone  
  37  3:12  Drone  
  37  3:20  Drone x2  
  37  3:21  Drone  
  40  3:27  Drone  
  40  3:28  Drone  
  40  3:33  Drone x2  
  44  3:37  Drone x2  
  46  3:42  Overlord  
  46  3:45  Drone x2  
  46  3:47  Drone  
  49  3:49  Drone  
  50  3:56  Overlord  
  50  3:57  Zerg Missile Weapons Level 1  
  50  3:59  Overlord  
  50  4:02  Drone  
  51  4:05  Overlord  
  51  4:16  Drone  
  51  4:17  Drone x7  
  54  4:18  Drone  
  60  4:25  Drone  
  60  4:26  Queen, Drone  
  63  4:33  Spore Crawler  
  63  4:34  Drone x4  
  63  4:37  Lair  
  64  4:42  Overlord  
  64  4:43  Zergling x4  
  67  4:45  Zergling x4  
  67  4:46  Zergling x2  
  67  4:48  Extractor  
  67  4:49  Extractor  
  67  4:51  Queen  
  69  4:57  Drone x3  
  70  5:00  Spore Crawler, Zergling x6  
  70  5:06  Drone  
  73  5:07  Spore Crawler  
  72  5:15  Drone  
  72  5:19  Queen  
  75  5:21  Drone x2  
  75  5:22  Drone x2  
  77  5:31  Drone  
  77  5:35  Drone  
  78  5:37  Extractor  
  78  5:38  Hydralisk Den  
  78  5:39  Drone x3, Hatchery  
  78  5:44  Queen  
  78  5:47  Overlord  
  78  5:49  Drone  
  81  5:53  Drone  
  82  6:01  Extractor  
  82  6:02  Queen, Drone  
  82  6:04  Queen  
  82  6:05  Drone  
  82  6:06  Drone x2  
  82  6:07  Zerg Missile Weapons Level 2  
  82  6:09  Drone  
  82  6:10  Drone  
  82  6:11  Evolution Chamber  
  84  6:17  Drone x3  
  87  6:22  Muscular Augments  
  87  6:23  Hatchery  
  87  6:25  Drone x3  
  89  6:26  Drone  
  89  6:29  Overlord  
  89  6:30  Overlord  
  89  6:31  Overlord  
  90  6:34  Overlord  
  90  6:35  Overlord  
  90  6:38  Overlord  
  90  6:41  Overlord  
  90  6:43  Zerg Ground Armor Level 1  
  90  6:45  Overlord  
  88  6:49  Drone x3  
  88  6:52  Drone x2  
  88  6:53  Drone x3  
  96  6:54  Drone  
  96  6:59  Overlord  
  96  7:02  Drone  
  97  7:09  Drone x2  
  97  7:13  Hydralisk x4  
  97  7:14  Hydralisk x3  
  113  7:18  Hydralisk  
  113  7:19  Hydralisk  
  114  7:23  Drone  
  114  7:24  Drone x2  
  114  7:27  Drone  
  114  7:29  Drone x2  
  115  7:31  Drone  
  115  7:33  Overlord  
  115  7:35  Hydralisk x3  
  115  7:36  Hydralisk  
  115  7:37  Hydralisk  
  122  7:43  Hydralisk x4  
  134  7:45  Drone  
  134  7:46  Drone  
  134  7:49  Extractor  
  134  7:51  Drone x3  
  136  7:56  Drone x2  
  136  7:57  Overlord  
  136  7:58  Hydralisk x3  
  140  8:00  Hydralisk  
  140  8:05  Zergling x10  
  147  8:06  Zergling x4  
  147  8:11  Zergling x2  
  147  8:12  Zergling x4  
  156  8:15  Drone  
  156  8:17  Infestation Pit  
  156  8:18  Spore Crawler, Drone x3  
  156  8:23  Hydralisk x2  
  156  8:27  Zergling x8  
  161  8:30  Zerg Melee Weapons Level 1  
  161  8:32  Zergling x6  
  161  8:33  Zergling x2  
  168  8:37  Baneling Nest  
  168  8:38  Zergling x6, Hatchery  
  168  8:40  Zergling x2  
  168  8:41  Zergling x2  
  171  8:43  Zergling x6  
  171  8:44  Zergling x2  
  171  8:45  Zergling x4  
  177  8:51  Zergling x10  
  177  8:52  Zergling x4  
  184  8:56  Zerg Ground Armor Level 2  
  184  8:59  Drone  
  184  9:00  Zergling x6  
  184  9:01  Zergling x4  
  190  9:07  Overseer  
  190  9:14  Overlord x2  
  190  9:16  Hive  
  181  9:28  Hydralisk x8  
  181  9:29  Hydralisk  
  166  9:31  Hydralisk x2  
  166  9:32  Hydralisk x3  
  166  9:36  Zergling x4  
  166  9:37  Zergling x4  
  179  9:44  Hydralisk x3  
  175  9:46  Zergling x2  
  175  9:47  Zergling x10  
  175  9:50  Hydralisk x2  
  175  9:52  Zergling x4  
  180  9:53  Zergling x2  
  180  9:59  Zergling x4  
  187  10:00  Zergling x12  
  187  10:01  Zergling x2  
  187  10:04  Drone x4  
  194  10:10  Zergling x2  
  194  10:11  Zergling x10  
  194  10:13  Centrifical Hooks  
  197  10:15  Zergling x6  
  200  10:25  Baneling  
  200  10:26  Baneling x9  
  197  10:30  Zergling x2  
  197  10:33  Zergling x2  
  199  10:35  Zergling x2  
  200  10:46  Zergling x4  
  188  10:51  Zergling x14  
  188  10:52  Zergling x18  
  188  10:53  Zergling x6  
  188  10:54  Zergling x2  
  188  10:55  Zergling x2  
  197  11:00  Adrenal Glands  
  197  11:03  Zergling x2  
  197  11:04  Zergling x2  
  199  11:21  Baneling x9  
  199  11:22  Baneling  
  199  11:27  Zergling x2  
  199  11:29  Zergling x2  
  199  11:31  Spire  
  193  11:42  Baneling  
  193  11:43  Baneling x4  
  188  11:54  Zergling x4  
  188  11:55  Zergling x2  
  188  11:56  Zergling x2  
  188  11:57  Zergling x16  
  188  11:59  Zerg Ground Armor Level 3  
  188  12:01  Evolution Chamber, Drone x2  
  199  12:06  Zergling x4  
  194  12:08  Zergling x2  
  194  12:09  Zergling x8  
  194  12:13  Baneling  
  194  12:14  Baneling x18  
  199  12:24  Zergling x6  
  199  12:33  Spine Crawler  
  199  12:34  Spine Crawler, Zergling x6  
  197  12:40  Zergling x2  
  197  12:41  Zergling x16  
  200  12:47  Zerg Flyer Armor Level 1, Hatchery  
  200  12:49  Drone x2  
  200  12:50  Drone x3  
  200  12:51  Drone  
  200  12:52  Drone  
  200  12:54  Drone  
  200  12:57  Baneling  
  200  12:58  Baneling x21  
  198  12:59  Baneling x2  
  198  13:02  Overseer  
  177  13:26  Zergling x2  
  153  13:27  Zergling x34  
  166  13:38  Hydralisk x7  
  166  13:39  Hydralisk x2  
  166  13:40  Spore Crawler  
  182  13:41  Drone x2  
  182  13:44  Zergling x2  
  185  13:49  Zergling x6  
  185  13:51  Zergling x2  
  189  13:58  Overseer  
  189  14:00  Spore Crawler  
  189  14:01  Spore Crawler  
  182  14:17  Spore Crawler, Zergling x2  
  182  14:19  Spore Crawler  
  182  14:21  Spine Crawler, Zergling x2  
  182  14:22  Spine Crawler, Zergling x32  
  196  14:26  Zergling x2  
  196  14:27  Spore Crawler, Zergling x2  
  196  14:29  Zergling x4  
  196  14:31  Spine Crawler x2  
  197  14:32  Overseer  
  197  14:33  Spore Crawler  
  197  14:34  Zergling x4  
  197  14:35  Zergling x2  
  197  14:37  Zergling x4, Zerg Melee Weapons Level 2  
  191  14:46  Drone x4  
  191  14:49  Spore Crawler  
  191  14:50  Spore Crawler, Drone x4  
  191  14:51  Drone x4  
  200  14:52  Zergling x2  
  200  14:58  Pneumatized Carapace  
  200  15:05  Zergling x4  
  197  15:07  Zergling x2  
  197  15:08  Zergling x4  
  197  15:09  Zergling x2  
  197  15:10  Zergling x4  
  192  15:19  Zergling x2  
  192  15:20  Zergling x18  
  197  15:23  Zergling x2  
  197  15:24  Zergling x2  
  197  15:26  Zergling x2  
  197  15:27  Zergling x2  
  188  15:35  Zergling x2  
  188  15:36  Zergling x14  
  188  15:40  Zergling x6  
  187  15:43  Zergling x4  
  187  15:45  Drone  
  187  15:47  Zerg Missile Weapons Level 3  
  185  16:02  Drone x2  
  185  16:03  Spore Crawler  
  186  16:06  Zergling x2  
  186  16:07  Overseer x2, Zergling x16  
  195  16:11  Zergling x2  
  195  16:12  Zergling x4  
  195  16:13  Zerg Flyer Weapons Level 1  
  195  16:18  Baneling  
  197  16:19  Baneling x10  
  197  16:22  Zergling x2  
  195  16:33  Zergling x2  
  195  16:34  Zergling x2  
  183  16:40  Zergling x2  
  183  16:41  Zergling x6  
  183  16:46  Hydralisk  
  177  16:47  Hydralisk x8  
  177  16:49  Baneling  
  177  16:50  Baneling x7  
  177  16:51  Zergling x6  
  177  16:52  Zergling x2  
  199  16:59  Spore Crawler  
  199  17:00  Hatchery  
  197  17:02  Zergling x4  
  199  17:18  Ultralisk Cavern  
  199  17:19  Hatchery  
  199  17:21  Zergling x4  
  199  17:25  Zergling x4  
  190  17:42  Zergling x2  
  190  17:43  Zergling x28  
  193  17:52  Hydralisk  
  193  17:58  Zergling x8  
  194  18:01  Hatchery  
  182  18:07  Hydralisk x3  
  182  18:10  Hatchery  
  187  18:19  Hydralisk x6  
  187  18:20  Hydralisk  
  187  18:25  Hydralisk x2  
  187  18:26  Hydralisk x3  
  166  18:38  Hydralisk x3  
  159  18:47  Hydralisk  
  125  18:50  Hydralisk  
  125  18:54  Zergling x2  
  122  18:57  Zergling x2  
  122  18:59  Zergling x2  
  121  19:03  Zergling x2  
  121  19:04  Zergling x2  
  122  19:12  Lurker Den  
  122  19:16  Baneling  
  122  19:17  Baneling x2  
  122  19:26  Drone  
  122  19:27  Drone  
  122  19:28  Drone x3  
  122  19:30  Drone  
  128  19:39  Greater Spire  
  128  19:43  Spore Crawler  
  128  19:44  Spine Crawler  
  126  19:52  Zergling x2  
  116  19:53  Zergling x22  
  116  19:55  Zergling x2  
  116  19:59  Zergling x4  
  126  20:00  Zergling x2  
  117  20:10  Zergling x4  
  117  20:11  Zergling x2  
  117  20:13  Zergling x6  
  117  20:14  Zergling x2  
  113  20:16  Zergling x2  
  113  20:20  Zergling x2  
  113  20:21  Zergling x2  
  111  20:24  Drone x2  
  111  20:26  Drone  
  107  20:33  Corruptor  
  105  20:35  Corruptor  
  105  20:50  Corruptor x2  
  101  21:16  Zergling x2  
  101  21:17  Zergling x10  
  91  21:41  Brood Lord x2  
  91  21:44  Drone x2  
  91  21:57  Zergling x18  
  91  21:58  Zergling x12  
  87  22:35  Drone, Extractor  
  87  22:36  Drone x2  
  89  22:48  Corruptor  
  91  22:51  Hatchery  
  86  23:29  Drone x3  
  85  23:36  Zergling x18  
  85  23:37  Zergling x8  
  97  23:45  Brood Lord  
  93  24:18  Extractor, Drone x2  
  93  24:20  Drone x3  
  97  24:32  Drone x2  
  97  24:34  Drone x3, Extractor  
  97  24:36  Corruptor x2  
  105  24:51  Hatchery  
  89  25:11  Zergling x4  
  89  25:12  Zergling x32  
  105  25:50  Zergling x2  
  105  25:51  Zergling x38  
  105  25:52  Zergling x8  
  105  25:54  Zergling x2  
  105  25:55  Zergling x2  
  130  26:01  Zergling x2  
  130  26:02  Zergling x6  
  130  26:21  Brood Lord x2  
  119  26:53  Zergling x22  
  119  26:54  Zergling x26  
  126  27:08  Hydralisk x3  
  126  27:09  Hydralisk  
  134  27:17  Baneling x8  
  131  27:35  Hydralisk  
  131  27:36  Hydralisk x4  
  126  27:48  Hydralisk x2  
  91  27:56  Hydralisk x3  
  78  27:58  Hydralisk  
  78  28:00  Zergling x2  
  78  28:01  Zergling x2  
  78  28:02  Zergling x2  
  71  28:06  Hydralisk  
  71  28:11  Zergling x4  
  72  28:15  Zergling x2  
  72  28:18  Zergling x2  
  70  28:31  Zergling x6  

Tags
 
Add a new tag
Caveats
  • Supply blocks, unpowered buildings, or Contaminate may cause inaccurate times.
  • Supply counts are checked every 10 seconds.